 Dungeon Crawl Stone Soup version 0.31-a0-995-g04711c9635 (webtiles) character file.

Game seed: 5760589674084134986

5621 Struenseez the Carver (level 10, -4/96 HPs)
             Began as a Hill Orc Berserker on Nov 6, 2023.
             Was a Priest of Trog.
             Slain by Maggie
             ... wielding a +0 glaive of distortion
              (20 damage)
             ... on level 9 of the Dungeon.
             The game lasted 00:32:55 (10193 turns).

Struenseez the Carver (Hill Orc Berserker)         Turns: 10193, Time: 00:32:55

Health: -4/96      AC: 14    Str: 25    XL:     10   Next: 73%
Magic:  10/10      EV:  7    Int:  7    God:    Trog [***...]
Gold:   393        SH:  0    Dex: 10    Spells: 9/9 levels left

rFire   . . .        a - +0 falchion
rCold   . . .        (no shield)
rNeg    . . .        n - +0 plate armour
rPois   .            o - +2 hat
rElec   .            l - scarf {+Inv}
rCorr   .            u - +0 pair of gloves
SInv    .            (no boots)
Will    .....        (no amulet) Stlth
                     (no ring)
HPRegen 0.36/turn    (no ring)
MPRegen 0.12/turn

%: no passive effects
@: mesmerised
A: no striking features
a: Renounce Religion, Evoke Invisibility, Berserk, Trog's Hand


You were on level 9 of the Dungeon.
You worshipped Trog.
Trog was most pleased with you.
You visited 1 branch of the dungeon, and saw 9 of its levels.
You also visited: Sewer.

You collected 421 gold pieces.
You spent 28 gold pieces at shops.

Inventory:

Hand Weapons
 a - a +0 falchion (weapon)
 M - a +1 dagger of chaos
 O - a +2 dire flail of holy wrath
Missiles
 F - 4 boomerangs
 J - a throwing net
Armour
 c - a +0 helmet
 l - a scarf of invisibility (worn)
 n - a +0 plate armour (worn)
 o - a +2 hat (worn)
 u - a +0 pair of gloves (worn)
 v - a +2 leather armour of cold resistance
 E - a +0 kite shield
 H - +0 steam dragon scales
 K - a +0 hat of willpower
Jewellery
 q - a ring of ice
Wands
 w - a wand of mindburst (17)
 D - a wand of polymorph (11)
 I - a wand of acid (6)
 L - a wand of charming (7)
Scrolls
 d - a scroll of enchant weapon {unknown}
 f - 11 scrolls of identify
 g - 2 scrolls of brand weapon {unknown}
 i - 4 scrolls of teleportation {unknown}
 m - 2 scrolls of fear {unknown}
 s - a scroll of poison {unknown}
 t - a scroll of blinking {unknown}
 x - 2 scrolls of enchant armour {unknown}
 y - a scroll of amnesia {unknown}
 N - a scroll of fog {unknown}
Potions
 b - 2 potions of haste {unknown}
 e - a potion of resistance {unknown}
 h - 4 potions of curing {unknown}
 j - 2 potions of might {unknown}
 k - a potion of heal wounds {unknown}
 p - 5 potions of degeneration {unknown}
 r - a potion of magic {unknown}
 z - a potion of enlightenment {unknown}
 A - 2 potions of mutation {unknown}
 B - 2 potions of invisibility {unknown}
 C - a potion of lignification {unknown}
 G - a potion of attraction {unknown}


   Skills:
 + Level 11.5 Fighting
 - Level 14.0 Long Blades
 - Level 3.0 Armour
 - Level 2.0 Dodging


You had 9 spell levels left.
You didn't know any spells.
Your spell library was empty.

Dungeon Overview and Level Annotations

Branches:
Dungeon (9/15)             Temple (0/1) D:5           Sewer (visited)
   Lair: D:8-11         Orc: D:9-12

Altars:
Ashenzari
Fedhas
Gozag
Hepliaklqana
Kikubaaqudgha
Makhleb
Nemelex Xobeh
Okawaru
Uskayaw
Yredelemnul
The Shining One

Shops:
D:2 *

Annotations:
D:9 Maggie


Message History

Okay, then.
Unknown command.
Maggie is nearby!
Maggie is nearby!
Maggie is nearby!
Maggie is nearby!
Maggie hits you from afar with a +0 glaive of distortion.
Okay, then.
Maggie hits you but does no damage. Space warps around you.
You hit Maggie but do no damage.
Maggie gestures wildly while chanting.
Maggie draws you further into her thrall.
You closely miss Maggie.
Maggie hits you with a +0 glaive of distortion.
You blink.
Maggie practices a pose.
Maggie hits you with a +0 glaive of distortion.
You hit Maggie.
Maggie is lightly wounded.
You hit Maggie.
Maggie is lightly wounded.
Maggie hits you but does no damage.
You blink.
Maggie casts a spell at you. The bolt of fire hits you!
There is a stone staircase leading up, spattered with blood here.
You cannot move away from Maggie!
Maggie hits you with a +0 glaive of distortion!
Space warps horribly around you!!
* * * LOW HITPOINT WARNING * * *
You hit Maggie but do no damage.
Maggie is lightly wounded.
You hit Maggie.
Maggie is lightly wounded.
Maggie hits you but does no damage.
You barely miss Maggie. You punch Maggie, but do no damage.
Maggie is lightly wounded.
Maggie hits you with a +0 glaive of distortion.
* * * LOW HITPOINT WARNING * * *
Space warps horribly around you!!
You die...

#.. #... ...## ...##
####### #..###.....###
#.######).##.###.#..
#.@.))).#.##.###.#.###
#######.#......#.#.#.#
#.####.#@@<#...# #.#
#.###..##.# #.#
#.........# #.#
######...## #..
.............y.. ###
...#####..#####. .
##..# ...#####+#..
...[#.<.....


You could see Maggie (mesmerising).

Vanquished Creatures
  Gastronok (D:8)
  A two-headed ogre (D:8)
  Psyche (D:8)
  Prince Ribbit (D:8)
  A wyvern (D:8)
  2 steam dragons
  A water moccasin (D:8)
  3 ice beasts
  A sky beast (D:7)
  An orc warrior (D:8)
  4 centaurs
  An ogre (D:7)
  Blork the orc (D:4)
  A kobold brigand (D:6)
  5 bullfrogs
  A gnoll sergeant (D:6)
  A scorpion (D:3)
  5 wights
  5 killer bees
  3 howler monkeys
  2 jellies (D:7)
  3 hounds
  4 orc priests
  2 gnoll boudas
  4 sleepcaps
  4 iguanas
  13 gnolls
  4 river rats (Sewer)
  16 adders
  2 white imps
  4 ufetubi
  2 worms
  A dart slug (D:2)
  25 orcs
  2 endoplasms
  10 giant cockroaches
  8 goblins
  6 hobgoblins
  5 jackals
  12 kobolds
  5 quokkas
  18 ball pythons
  3 bats
  5 frilled lizards
  31 rats
231 creatures vanquished.

Vanquished Creatures (others)
  An orc wizard (D:9)
1 creature vanquished.

Grand Total: 232 creatures vanquished

Notes
Turn   | Place    | Note
-------+----------+-------------------------------------------
     0 | D:1      | Struenseez the Hill Orc Berserker began the quest for the
                  | Orb.
     0 | D:1      | Reached XP level 1. HP: 19/19 MP: 1/1
   186 | D:1      | Reached XP level 2. HP: 22/27 MP: 2/2
   916 | D:2      | Found Zunud's General Store.
   924 | D:2      | Bought a scroll of identify for 28 gold pieces
  1063 | D:2      | Reached XP level 3. HP: 33/33 MP: 3/3
  1654 | D:3      | Found a sparkling altar of Nemelex Xobeh.
  1673 | D:3      | Reached ** piety under Trog
  1758 | D:3      | Noticed a scorpion
  1765 | D:3      | Killed a scorpion
  1766 | D:3      | Reached skill level 4 in Long Blades
  1766 | D:3      | Reached XP level 4. HP: 41/41 MP: 4/4
  1912 | D:3      | Found an opulent altar of Gozag.
  1912 | D:3      | Found a hazy altar of Hepliaklqana.
  2007 | D:3      | Reached XP level 5. HP: 47/47 MP: 5/5
  2010 | D:3      | Reached skill level 5 in Fighting
  2465 | D:3      | Reached skill level 5 in Long Blades
  2644 | D:5      | Entered Level 5 of the Dungeon
  2697 | D:4      | Found a blossoming altar of Fedhas.
  2940 | D:4      | Reached XP level 6. HP: 46/57 MP: 6/6
  3008 | D:4      | Found an iron altar of Okawaru.
  3223 | D:4      | Reached *** piety under Trog
  3438 | D:4      | Found a basalt altar of Yredelemnul.
  3709 | D:5      | Noticed Blork the orc
  3740 | D:4      | Killed Blork the orc
  3741 | D:4      | Reached skill level 6 in Long Blades
  3741 | D:4      | Reached XP level 7. HP: 48/64 MP: 7/7
  3990 | D:5      | Found a staircase to the Ecumenical Temple.
  4514 | D:6      | Reached skill level 7 in Long Blades
  4515 | D:6      | Found a glowing drain.
  4668 | Sewer    | Entered a sewer
  5000 | Sewer    | Reached XP level 8. HP: 74/74 MP: 8/8
  5087 | Sewer    | Reached **** piety under Trog
  5460 | D:6      | Reached skill level 8 in Long Blades
  5541 | D:6      | Found a broken altar of Ashenzari.
  7000 | D:7      | Found a hide-covered altar of Uskayaw.
  7077 | D:6      | Reached skill level 9 in Long Blades
  7204 | D:6      | Reached XP level 9. HP: 67/84 MP: 9/9
  7380 | D:6      | Reached skill level 10 in Fighting
  7767 | D:7      | Reached skill level 10 in Long Blades
  7907 | D:8      | Noticed Prince Ribbit
  8084 | D:8      | Killed Prince Ribbit
  8158 | D:7      | Reached skill level 11 in Long Blades
  8339 | D:7      | Found an ancient bone altar of Kikubaaqudgha.
  8611 | D:8      | Noticed Gastronok
  8632 | D:8      | Killed Gastronok
  8633 | D:8      | Reached skill level 13 in Long Blades
  8633 | D:8      | Reached XP level 10. HP: 93/93 MP: 10/10
  8998 | D:9      | Identified the of Pojeimm
  8998 | D:9      | Identified the "Hedghoy"
  8998 | D:9      | Identified the "Oxkurph"
  9087 | D:8      | Noticed Psyche
  9088 | D:8      | Found a burning altar of Makhleb.
  9108 | D:8      | Killed Psyche
  9319 | D:8      | Found a glowing golden altar of the Shining One.
  9468 | D:8      | Noticed a two-headed ogre
  9485 | D:8      | Killed a two-headed ogre
  9486 | D:8      | Reached skill level 14 in Long Blades
 10165 | D:9      | Noticed Maggie
 10193 | D:9      | Slain by Maggie

Illustrated notes

Levels and vault maps discovered:
D:1:      beargit_arrival_diablo_church, layout_basic
D:2:      layout_loops_cross, serial_shops, shop, kennysheep_generic_room_13
D:3:      layout_loops_ring, mainiacjoe_overflow_24_doors,
          gammafunk_temple_overflow_elements, dk_noncrumbling_3, hellmonk_no_cap
D:4:      layout_basic, yredelemnul_altar_generic, fedhas_altar_3,
          general_overflow_altar, grunt_ministairs_5
D:5:      layout_layer_cave, minmay_temple_entry_drinking_statues,
          uniq_blork_the_orc
D:6:      layout_cave_pools, ashenzari_altar_1, gup_sewer_entry_glass
D:7:      layout_rooms, mainiacjoe_overflow_chevrons,
          nicolae_uskayaw_murder_on_the_dancefloor
D:8:      layout_loops_ring, pf_just_have_faith, nicolae_overflow_crystal_walls,
          grunt_ministairs_2, uniq_psyche, uniq_gastronok, uniq_prince_ribbit1
D:9:      layout_basic, mainiacjoe_overflow_cross_hatched,
          hellmonk_sif_muna_bookshelves, uniq_joseph, uniq_maggie

Skill      XL: |  1  2  3  4  5  6  7  8  9 10 |
---------------+-------------------------------+-----
Fighting       | 4 5 6 7 9 10 11 | 11.5
Dodging        | 2 |  2.0
Armour         | 3 |  3.0
Long Blades    | 4 5 6 7 9 13 14 | 14.0

Action                     |  1- 3 |  4- 6 |  7- 9 | 10-12 || total
---------------------------+-------+-------+-------+-------++-------
  Melee: Falchion          |   145 |   183 |   571 |   211 ||  1110
         Punch             |     1 |       |     7 |     2 ||    10
         Unarmed           |       |       |       |     6 ||     6
 Invoke: Berserk           |     1 |     2 |    14 |     4 ||    21
         Trog's Hand       |       |       |     2 |       ||     2
 Armour: Animal skin       |    23 |       |       |       ||    23
         Ring mail         |    60 |     3 |       |       ||    63
         Plate armour      |       |   156 |   639 |   169 ||   964
         Skin              |       |       |       |     7 ||     7
  Dodge: Dodged            |    90 |    62 |   216 |    65 ||   433

Table legend: (Time is in decaauts)
 A = Elapsed time spent in this place.
 B = Non-inter-level travel time spent in this place.
 C = Inter-level travel time spent in this place.
 D = Time resting spent in this place.
 E = Time spent auto-exploring this place.
 F = Levels seen in this place.
 G = Mean time per level.
                   A        B        C        D        E       F      G
               +--------+--------+--------+--------+--------+-----+--------+
         Total |  10346 |   9878 |    468 |   2056 |   5383 |  10 | 1034.6 |
       Dungeon |   9535 |   9067 |    468 |   1758 |   5250 |   9 | 1059.4 |
         Sewer |    811 |    811 |      0 |    297 |    132 |   1 |  811.0 |
               +--------+--------+--------+--------+--------+-----+--------+

Top non-repeatable levels by time:
     D:5: 1683 daAuts
     D:8: 1457 daAuts
     D:6: 1346 daAuts
     D:4: 1192 daAuts
     D:7: 1153 daAuts
     D:3: 1031 daAuts
     D:1: 903 daAuts
   Sewer: 811 daAuts
     D:2: 629 daAuts
     D:9: 139 daAuts
